Map: [ESL] Alcyone

Players

goblin - Winner!

  • Race: Protoss Protoss
  • Spawn Location: 1:00

MaNa

  • Race: Protoss Protoss
  • Spawn Location: 7:00

Event: ESL SC2 Masters 2024 Spring (Regional)

VOD

Have the link to the VOD?

Description

Time

  • Played on: April 10, 2024, 12:46 p.m.
  • Length: 13:12

All games in this series

Show
View Real Time Build Order
Export as new Build Order

goblin Protoss - Winner!

Build Orders: Phoenix Opening, Chargelot Immortal 

Get SALT Encoding   

  12  0:00  Probe  
  13  0:12  Probe  
  14  0:17  Pylon  
  14  0:24  Probe (Chrono Boost)  
  15  0:36  Probe (Chrono Boost)  
  15  0:37  Gateway  
  16  0:45  Probe (Chrono Boost)  
  16  0:46  Assimilator  
  17  0:50  Probe  
  17  0:54  Assimilator  
  18  1:03  Probe (Chrono Boost)  
  19  1:08  Gateway  
  19  1:13  Probe (Chrono Boost)  
  19  1:18  Probe (Chrono Boost)  
  20  1:24  Cybernetics Core  
  21  1:29  Probe  
  22  1:34  Pylon  
  22  1:41  Probe  
  23  1:53  Probe  
  24  2:01  Sentry, Stalker  
  24  2:02  Warp Gate  
  24  2:05  Probe  
  29  2:11  Pylon  
  29  2:17  Probe  
  30  2:29  Stalker  
  32  2:31  Sentry  
  32  2:32  Phoenix  
  32  2:35  Probe  
  35  2:49  Nexus  
  35  2:54  Sentry  
  37  3:03  Pylon, Probe  
  38  3:09  Robotics Facility  
  38  3:16  Probe  
  39  3:23  Phoenix  
  39  3:28  Probe  
  40  3:40  Probe (Chrono Boost)  
  41  3:43  Twilight Council  
  41  3:52  Probe (Chrono Boost)  
  41  3:54  Warp Prism (Chrono Boost)  
  42  4:01  Probe (Chrono Boost)  
  46  4:03  Probe (Chrono Boost)  
  46  4:07  Probe  
  47  4:13  Probe  
  47  4:16  Phoenix, Gateway  
  48  4:19  Dark Shrine, Probe  
  49  4:25  Probe  
  49  4:27  Immortal (Chrono Boost)  
  54  4:35  Probe  
  54  4:36  Gateway  
  54  4:37  Probe  
  56  4:40  Assimilator  
  56  4:43  Assimilator  
  56  4:46  Blink (Chrono Boost)  
  56  4:47  Probe  
  56  4:51  Probe (Chrono Boost)  
  58  5:04  Observer  
  58  5:06  Pylon  
  60  5:08  Probe (Chrono Boost)  
  60  5:10  Phoenix  
  60  5:12  Probe (Chrono Boost)  
  60  5:14  Probe (Chrono Boost)  
  62  5:22  Immortal (Chrono Boost)  
  62  5:24  Probe x2  
  68  5:32  Pylon  
  68  5:36  Pylon, Nexus  
  68  5:46  Pylon  
  68  5:47  Probe  
  68  5:48  Probe  
  70  5:50  Gateway  
  70  5:55  Dark Templar x2  
  70  5:56  Sentry  
  76  6:00  Archon, Stalker  
  78  6:09  Probe x2  
  80  6:11  Pylon  
  80  6:24  Stalker x2  
  84  6:27  Stalker x2  
  88  6:33  Probe x2  
  88  6:35  Pylon  
  90  6:45  Probe  
  89  6:53  Stalker x5  
  97  6:57  Probe  
  97  6:58  Probe x2  
  100  7:06  Observer  
  94  7:10  Probe x3  
  95  7:18  Stalker x4  
  95  7:22  Probe  
  100  7:29  Immortal (Chrono Boost)  
  94  7:32  Stalker  
  98  7:45  Stalker x4  
  106  7:58  Gateway x2  
  106  7:59  Charge  
  106  8:01  Stalker  
  106  8:05  Immortal (Chrono Boost)  
  112  8:13  Stalker x4  
  112  8:32  Forge  
  112  8:33  Forge  
  112  8:38  Nexus, Dark Templar  
  112  8:39  Dark Templar  
  112  8:40  Pylon  
  115  8:58  Zealot x5  
  125  9:04  Protoss Ground Armor Level 1 (Chrono Boost), Protoss Ground Weapons Level 1 (Chrono Boost), Gateway  
  125  9:05  Pylon, Gateway  
  123  9:12  Stalker x2  
  126  9:18  Immortal  
  126  9:20  Zealot  
  132  9:25  Pylon  
  132  9:26  Zealot x2  
  136  9:38  Pylon  
  136  9:42  Zealot x2  
  136  9:45  Pylon  
  140  9:48  Observer  
  140  9:50  Photon Cannon  
  141  10:01  Zealot x6, Photon Cannon  
  153  10:08  Observer  
  154  10:17  Probe x4  
  154  10:29  Immortal (Chrono Boost)  
  154  10:35  Photon Cannon, Probe x2  
  159  10:38  Stalker x4  
  159  10:39  Stalker x4  
  174  10:50  Protoss Ground Weapons Level 2 (Chrono Boost), Protoss Ground Armor Level 2 (Chrono Boost)  
  168  11:04  Immortal  
  172  11:11  Nexus  
  172  11:15  Stalker x4  
  180  11:18  Shield Battery  
  180  11:19  Photon Cannon  
  180  11:22  Shield Battery  
  178  11:45  Immortal  
  172  11:49  Zealot x9  
  156  12:10  Probe x2  
  156  12:11  Probe x2  
  156  12:14  Zealot  
  162  12:19  Pylon  
  162  12:22  Assimilator, Probe x2  
  162  12:23  Pylon  
  162  12:24  Immortal  
  162  12:25  Stalker x8  
  162  12:28  Probe x2, Gateway  
  184  12:51  Stalker x7  
  182  12:52  Stalker  
  178  12:58  Zealot  
Show
View Real Time Build Order
Export as new Build Order

MaNa Protoss 

Build Orders: Phoenix Opening, Blink Stalkers 

Get SALT Encoding   

  12  0:00  Probe  
  13  0:12  Probe  
  14  0:16  Pylon  
  14  0:24  Probe (Chrono Boost)  
  15  0:36  Probe (Chrono Boost), Gateway  
  16  0:44  Probe (Chrono Boost)  
  16  0:46  Assimilator  
  17  0:51  Probe  
  18  1:03  Probe (Chrono Boost)  
  19  1:04  Assimilator  
  19  1:08  Gateway  
  19  1:12  Probe (Chrono Boost)  
  19  1:17  Probe (Chrono Boost)  
  20  1:24  Cybernetics Core  
  21  1:29  Probe  
  22  1:34  Pylon  
  22  1:41  Probe  
  23  1:53  Probe  
  24  2:00  Warp Gate, Stalker  
  26  2:07  Sentry  
  28  2:22  Probe  
  29  2:34  Probe (Chrono Boost)  
  29  2:36  Nexus  
  29  2:38  Phoenix  
  29  2:39  Twilight Council  
  29  2:43  Pylon  
  29  2:48  Probe (Chrono Boost)  
  30  2:53  Probe (Chrono Boost)  
  31  3:03  Probe  
  32  3:08  Sentry  
  32  3:09  Stalker  
  36  3:15  Probe  
  36  3:17  Blink (Chrono Boost)  
  36  3:19  Pylon  
  37  3:27  Probe  
  38  3:38  Phoenix  
  38  3:40  Probe (Chrono Boost)  
  39  3:47  Gateway x2  
  40  3:48  Probe (Chrono Boost)  
  41  3:57  Probe (Chrono Boost)  
  41  3:58  Probe (Chrono Boost)  
  42  4:04  Probe x2 (Chrono Boost)  
  42  4:05  Adept x2  
  48  4:15  Probe  
  48  4:17  Probe  
  50  4:18  Phoenix  
  50  4:23  Robotics Facility  
  50  4:28  Probe  
  50  4:29  Probe  
  52  4:39  Nexus  
  52  4:40  Probe  
  52  4:41  Probe  
  54  4:49  Pylon  
  54  4:52  Probe  
  55  4:53  Probe  
  55  4:56  Stalker  
  55  4:57  Stalker  
  60  5:03  Pylon  
  60  5:05  Assimilator  
  60  5:08  Observer  
  60  5:10  Pylon  
  61  5:15  Stalker x2  
  65  5:22  Shield Battery  
  65  5:25  Forge  
  65  5:28  Observer (Chrono Boost)  
  65  5:29  Probe  
  67  5:37  Probe  
  67  5:40  Stalker x3  
  67  5:41  Probe  
  75  5:43  Stalker  
  75  5:49  Pylon  
  77  5:51  Probe x2  
  77  5:56  Immortal (Chrono Boost)  
  79  6:00  Protoss Ground Weapons Level 1 (Chrono Boost)  
  83  6:05  Probe x2  
  83  6:08  Probe  
  83  6:10  Shield Battery  
  86  6:20  Stalker  
  86  6:21  Stalker  
  86  6:23  Photon Cannon  
  90  6:27  Stalker x2  
  92  6:40  Observer  
  92  6:51  Stalker x4  
  86  6:58  Shield Battery  
  86  6:59  Shield Battery  
  86  7:00  Gateway  
  80  7:01  Shield Battery  
  80  7:02  Gateway  
  76  7:15  Stalker x4  
  77  7:29  Immortal  
  73  7:31  Observer  
  73  7:38  Stalker x2  
  73  7:39  Zealot x2  
  81  7:52  Probe x2  
  81  7:55  Stalker  
  85  8:02  Stalker x3  
  85  8:05  Stalker  
  92  8:11  Observer  
  92  8:12  Pylon  
  92  8:14  Stalker  
  89  8:22  Stalker  
  89  8:23  Probe  
  90  8:29  Stalker, Probe x2  
  94  8:35  Protoss Ground Weapons Level 2 (Chrono Boost)  
  94  8:42  Probe  
  94  8:43  Photon Cannon, Probe  
  94  8:45  Photon Cannon  
  94  8:47  Warp Prism (Chrono Boost), Probe  
  97  8:54  Probe  
  100  9:09  Probe  
  101  9:16  Stalker x5  
  107  9:26  Probe x2  
  107  9:28  Pylon  
  109  9:33  Probe  
  109  9:44  Observer  
  109  9:45  Pylon  
  109  9:47  Stalker  
  109  9:48  Stalker x3  
  109  9:51  Pylon  
  109  9:52  Nexus  
  117  9:55  Observer  
  117  9:57  Assimilator  
  117  9:59  Assimilator  
  117  10:07  Stalker x2  
  120  10:16  Stalker x3  
  120  10:17  Zealot  
  126  10:33  Protoss Ground Weapons Level 3 (Chrono Boost)  
  126  10:40  Pylon  
  126  10:42  Pylon  
  126  10:44  Pylon  
  126  10:46  Pylon  
  126  10:52  Nexus  
  122  11:00  Stalker x6  
  134  11:23  Immortal  
  138  11:26  Stalker x3  
  138  11:27  Stalker x3  
  139  11:51  Stalker x5  
  126  11:59  Observer  
  120  12:02  Stalker  
  120  12:07  Nexus  
  123  12:11  Assimilator, Robotics Bay  
  123  12:16  Stalker x3  
  123  12:19  Stalker  
  131  12:26  Stalker x2  
  135  12:35  Pylon  
  133  12:45  Stalker x4  
  141  12:51  Zealot x2  
Tags
 
Add a new tag
Caveats
  • Supply blocks, unpowered buildings, or Contaminate may cause inaccurate times.
  • Supply counts are checked every 10 seconds.